 Dungeon Crawl Stone Soup version 0.32-a0-876-gcfddb08e57 (webtiles) character file.

Game seed: 4318994285359749809

48151 Autsider the Convoker (level 14, 0/80 HPs)
             Began as a Deep Elf Hedge Wizard on Mar 31, 2024.
             Was a High Priest of Sif Muna.
             Slain by a spriggan rider
             ... wielding a +0 trident of flaming
              (1 damage)
             ... on level 4 of the Lair of Beasts.
             The game lasted 02:13:30 (25363 turns).

Autsider the Convoker (Deep Elf Hedge Wizard)      Turns: 25363, Time: 02:13:30

Health: 0/80       AC: 18    Str: 10    XL:     14   Next: 11%
Magic:  11/30      EV: 14    Int: 35    God:    Sif Muna [*****.]
Gold:   712        SH:  0    Dex: 16    Spells: 3/33 levels left

rFire   . . .        g - staff of earth {!a}
rCold   + . .        (no shield)
rNeg    . . .        K - +7 toga "Victory" {*Victory Int+7 Slay+7 Clar}
rPois   +            G - +2 hat
rElec   .            a - +2 cloak
rCorr   .            k - +0 pair of gloves
SInv    .            C - +2 pair of boots of Sunlight {rF+ Will+ Str+3}
Will    ++...        D - amulet of faith
Stlth   ++           s - ring of ice
HPRegen 0.33/turn    H - ring "Finoeffe" {rPois Int+3 Dex+2}
MPRegen 0.22/turn

%: clarity, faith
@: forested, inugami summoned
A: no striking features
a: Renounce Religion, Channel Magic, Forget Spell, Divine Exegesis


You were on level 4 of the Lair of Beasts.
You worshipped Sif Muna.
Sif Muna was extremely pleased with you.
You visited 3 branches of the dungeon, and saw 17 of its levels.
You also visited: Ice Cave.

You collected 1174 gold pieces.
You spent 462 gold pieces at shops.

Inventory:

Missiles
 z - a throwing net
Armour
 a - a +2 cloak (worn)
 d - an orb of energy
 k - a +0 pair of gloves (worn)
 C - the +2 pair of boots of Sunlight (worn) {rF+ Will+ Str+3}
   (You found it on level 7 of the Dungeon)

   Str+3:     It affects your strength (+3).
   rF+:       It protects you from fire.
   Will+:     It increases your willpower.
 G - a +2 hat (worn)
 K - the +7 toga "Victory" (worn) {*Victory Int+7 Slay+7 Clar}
   (You found it on level 9 of the Dungeon)

   *Victory:  When the wearer kills a threatening monster, it has a chance to
   gain +1 AC, +1 Slay, and +1 Int, capping at +7.
   When the wearer uses a scroll or a potion with a hostile monster in sight,
   its bonuses reset to +0.
   Unequipping it also resets its bonuses to +0.
   Int+7:     It affects your intelligence (+7).
   Slay+7:    It affects your accuracy & damage with ranged weapons and melee
   (+7).
   Clar:      It protects you from confusion, rage, mesmerisation and fear.
 N - the +2 ratskin cloak {*Rats rPois rN+ Str-1 Int-1 Dex+1}
   (You found it on level 12 of the Dungeon)

   *Rats:     When the wearer is hurt, rats may emerge from it to assist them.
   Str-1:     It affects your strength (-1).
   Int-1:     It affects your intelligence (-1).
   Dex+1:     It affects your dexterity (+1).
   rPois:     It protects you from poison.
   rN+:       It protects you from negative energy.
 R - the +2 ring mail of Modesty {+Blink Will+ MP+9}
   (You found it on level 1 of the Lair of Beasts)

   Will+:     It increases your willpower.
   MP+9:      It affects your magic capacity (+9).
   +Blink:    It lets you blink.
Magical Staves
 g - a staff of earth (weapon) {!a}
 n - a staff of fire {!a}
 Y - a staff of cold
Jewellery
 s - a ring of ice (left hand)
 v - a +5 ring of evasion
 B - a +5 ring of evasion
 D - an amulet of faith (around neck)
 F - an amulet of regeneration
 H - the ring "Finoeffe" (right hand) {rPois Int+3 Dex+2}
   (You found it on level 10 of the Dungeon)

   [ring of poison resistance]

   Int+3:     It affects your intelligence (+3).
   Dex+2:     It affects your dexterity (+2).
   rPois:     It protects you from poison.
 O - an amulet of guardian spirit
 S - a ring of protection from fire
 U - a +6 ring of intelligence
Talismans
 X - a granite talisman
Wands
 c - a wand of iceblast (15)
 x - a wand of mindburst (9)
 y - a wand of flame (22)
Scrolls
 e - a scroll of poison
 i - 2 scrolls of revelation
 j - 2 scrolls of silence
 m - a scroll of immolation {unknown}
 t - 7 scrolls of teleportation
 E - 3 scrolls of amnesia
 J - a scroll of enchant weapon
 M - 3 scrolls of identify
 Q - 2 scrolls of vulnerability
 W - a scroll of enchant armour
 Z - a scroll of torment
Potions
 b - 3 potions of enlightenment
 f - 5 potions of brilliance
 h - 2 potions of cancellation
 l - 2 potions of resistance
 o - 5 potions of heal wounds
 p - 8 potions of curing
 q - a potion of haste
 r - 3 potions of might
 u - 4 potions of mutation
 I - 2 potions of ambrosia
 L - 4 potions of attraction
 P - 3 potions of magic
 V - a potion of berserk rage


   Skills:
 - Level 6.0 Fighting
 - Level 6.0 Dodging
 - Level 2.4 Stealth
 - Level 10.0 Spellcasting
 + Level 14.9 Conjurations
 - Level 15.0 Summonings
 - Level 6.0 Translocations
 - Level 5.0 Earth Magic
 + Level 6.2 Invocations
 * Level 6.8 Shapeshifting


You had 3 spell levels left.
You knew the following spells:

 Your Spells              Type           Power      Damage    Failure   Level
a - Magic Dart            Conj           100%       1d8       0%          1
b - Iskenderun's Battles  Conj           89%        2d14      1%          5
c - Bombard               Conj/Erth      46%        9d8       6%          6
m - Mephitic Cloud        Conj/Alch/Air  51%        N/A       1%          3
A - Call Canine Familiar  Summ           89%        N/A       0%          3
B - Spellforged Servitor  Conj/Summ      44%        N/A       4%          7
C - Summon Forest         Summ/Tloc      37%        N/A       1%          5

Your spell library contained the following spells:

 Spells                   Type           Power      Damage    Failure   Level
 Summon Small Mammal      Summ           100%       N/A       0%          1
 Call Imp                 Summ           100%       N/A       0%          2
 Apportation              Tloc           100%       N/A       1%          1
 Kiss of Death            Conj/Necr      100%       2d13      1%          1
 Blink                    Tloc           100%       N/A       1%          2
 Static Discharge         Conj/Air       100%       3-8/arc   1%          2
 Dazzling Flash           Conj/Hex       100%       N/A       1%          3
 Necrotise                Necr           68%        1d7       2%          1
 Slow                     Hex            68%        N/A       2%          1
 Volatile Blastmotes      Fire/Tloc      76%        2d16      2%          3
 Cigotuvi's Dreadful Rot  Necr/Alch/Air  34%        N/A       3%          2
 Ensorcelled Hibernation  Hex/Ice        52%        N/A       3%          2
 Mercury Vapours          Alch/Air       34%        N/A       3%          2
 Sublimation of Blood     Necr           17%        N/A       3%          2
 Confusing Touch          Hex            17%        N/A       8%          3
 Fugue of the Fallen      Necr           17%        N/A       8%          3
 Tukima's Dance           Hex            17%        N/A       8%          3
 Vampiric Draining        Necr           17%        2d7       8%          3
 Animate Armour           Summ/Erth      100%       N/A       1%          4
 Fulminant Prism          Conj/Alch      31%        3d16      1%          4
 Iskenderun's Mystic Bla  Conj/Tloc      74%        2d15      (+2d81%     4
 Martyr's Knell           Necr/Summ      63%        N/A       1%          4
 Summon Blazeheart Golem  Fire/Summ      63%        N/A       1%          4
 Summon Lightning Spire   Summ/Air       63%        N/A       1%          4
 Summon Cactus Giant      Summ           44%        N/A       1%          6
 Arcjolt                  Conj/Air       31%        1d41      3%          5
 Irradiate                Conj/Alch      31%        3d22      3%          5
 Summon Mana Viper        Hex/Summ       63%        N/A       3%          5
 Orb of Destruction       Conj           44%        9d12      4%          7
 Dimensional Bullseye     Hex/Tloc       19%        N/A       7%          4
 Petrify                  Alch/Erth      51%        N/A       9%          4
 Freezing Cloud           Conj/Ice/Air   34%        6-21      9%          5
 Airstrike                Air            8%         2d(2-18)  24%         4
 Anguish                  Hex/Necr       8%         N/A       24%         4
 Dispel Undead            Necr           17%        3d10      24%         4
 Malign Gateway           Summ/Tloc      37%        N/A       28%         7
 Curse of Agony           Necr           17%        N/A       56%         5
 Haunt                    Necr/Summ      31%        N/A       67%         7
 Dragon's Call            Summ           44%        N/A       99%         9
 Borgnjor's Revivificati  Necr           8%         N/A       100%        8
 Death's Door             Necr           8%         N/A       100%        9


Dungeon Overview and Level Annotations

Branches:
Dungeon (12/15)            Temple (1/1) D:7            Lair (4/5) D:11
  Swamp (0/4) Lair:3       Spider (0/4) Lair:3        Slime (0/5) Lair:4
    Orc (0/2) D:9           IceCv (visited)

Altars:
Ashenzari
Cheibriados
Dithmenos
Elyvilon
Fedhas
Gozag
Hepliaklqana
Kikubaaqudgha
Makhleb
Nemelex Xobeh
Okawaru
Qazlal
Ru
Sif Muna
Trog
Uskayaw
Vehumet
Wu Jian
Xom
Yredelemnul
Zin
The Shining One
Jiyva

Shops:
D:2 !   D:5 [   D:10 *   D:12 [

Annotations:
D:1 exclusion: downstairs
D:5 exclusion: downstairs
Lair:4 1 transporter, Ginaus's ghost, journeyman DsWn


Message History

The spriggan rider hits you from afar with a +0 trident of flaming!!
* * * LOW HITPOINT WARNING * * *
The spriggan rider burns you!
* * * LOW HITPOINT WARNING * * *
The spriggan rider hits you but does no damage.
Your dryad splashes around in the water.
Casting: Magic Dart (safe; 0% risk of failure)
Confirm with . or Enter, or press ? or * to list all spells.
Aiming: Magic Dart (safe; 0% risk of failure)
Press: ? - help, Shift-Dir - straight line, p - spriggan You can't see that place. [the floor.]
Okay, then.
Sif Muna accepts your kill.
You feel a bit more experienced.
The spriggan rider hits your battlesphere with a +0 trident of flaming!!
The spriggan rider burns your battlesphere.
Your battlesphere is destroyed!
Casting: Magic Dart (safe; 0% risk of failure)
Confirm with . or Enter, or press ? or * to list all spells.
You call for your canine familiar and it appears with a howl!
A root smacks the spriggan rider from below!
Sif Muna accepts your kill.
You feel a bit more experienced.
The spriggan rider hits you but does no damage.
Trunks creak and shift.
A root smacks the spriggan rider from below!
Your dryad closely misses the spriggan rider.
The spriggan rider hits you from afar with a +0 trident of flaming!!
* * * LOW HITPOINT WARNING * * *
The spriggan rider burns you.
* * * LOW HITPOINT WARNING * * *
Your dryad splashes around in the water.
Your inugami hits the spriggan rider!
Okay, then.
The spriggan rider is waved at by a branch.
The spriggan rider hits you from afar with a +0 trident of flaming!!
* * * LOW HITPOINT WARNING * * *
The spriggan rider burns you.
You die...

.P..P##..##♣...♣♣#...##
....##..###....~~♣♣...#
........#..##♣≈≈~~#...♣♣
.......##i.♣≈#≈~9.♣♣...#
.......#ii.♣)?R.~:.♣...♣
......©#W.$.?_.♣♣R©#©.♣#
...P...#iy##... #ih#..♣
...P...##i# #.##♣.#♣..#
....P...#####.#♣@♣#..##
........###.#....♣#..#
.........###...##♣..##
...P.......♣♣#♣#.....#
.....#.............###
........##.........#
.#......P.........##
...##..............#
...#.........####..#


You could see a spriggan rider (berserk, ally target), a friendly dryad
(summoned, berserk) and a friendly inugami (summoned).

Vanquished Creatures
  2 hydras (Lair:4)
  2 cyclopes
  4 black mambas
  A torpor snail (Lair:3)
  4 cane toads
  Jeremiah (D:6)
  2 rime drakes
  An ice devil (Lair:2)
  4 komodo dragons
  A hornet (Lair:2)
  15 blink frogs
  3 slime creatures (D:12)
  A wyvern (Lair:2)
  A vampire (D:10)
  A wraith (D:11)
  18 yaks
  2 basilisks
  2 vampire mosquitoes (D:11)
  A water moccasin (shapeshifter) (D:10)
  6 water moccasins
  2 black bears (Lair:2)
  An ice beast (D:6)
  4 wolves
  A centaur (D:6)
  A phantom (D:4)
  2 kobold brigands
  12 bullfrogs
  4 scorpions
  A wight (D:4)
  3 orc priests
  2 bombardier beetles
  An iguana (D:5)
  An orc wizard (D:6)
  3 gnolls (D:6)
  8 adders
  2 ufetubi (D:6)
  2 dart slugs (D:1)
  A ribbon worm (Lair:3)
  10 orcs
  9 ball pythons
  4 bats
  8 endoplasms
  4 giant cockroaches
  9 hobgoblins
  2 jackals
  6 frilled lizards
  4 goblins
  21 kobolds
  3 rats
203 creatures vanquished.

Vanquished Creatures (collateral kills)
  2 hydras
  A boulder beetle (D:12)
  A catoblepas (Lair:2)
  4 two-headed ogres
  Nergalle (Lair:3)
  Sonja (Lair:3)
  A deep elf archer (D:12)
  Pikel (D:5)
  2 lindwurms (Lair:2)
  A moth of wrath (Lair:4)
  An ugly thing (IceCv)
  2 manticores (D:10)
  7 elephants
  A cyclops (D:10)
  Joseph (D:7)
  2 ice statues (IceCv)
  A black mamba (Lair:1)
  5 cane toads
  4 kobold demonologists
  A freezing wraith (IceCv)
  An ice devil (Lair:2)
  3 komodo dragons
  A polar bear (Lair:1)
  6 trolls
  7 blink frogs
  Prince Ribbit (D:7)
  3 hornets
  Grinder (D:4)
  6 slime creatures (D:12)
  Sigmund (D:5)
  2 wraiths
  17 yaks
  4 spriggans (Lair:4)
  A wyvern (Lair:4)
  Eustachio (D:6)
  2 basilisks (Lair:1)
  A death yak simulacrum (IceCv)
  Menkaure (D:5)
  2 acid dragons (D:10)
  5 water moccasins
  Duvessa (D:7)
  5 orc warriors
  2 centaurs
  2 black bears
  6 wolves
  2 lemures (D:5)
  12 kobold brigands
  A gnoll sergeant (D:7)
  2 scorpions
  5 bullfrogs
  10 wights
  Dowan (D:7)
  16 killer bees
  An elephant simulacrum (IceCv)
  3 electric eels (Lair:3)
  A howler monkey (D:4)
  A bombardier beetle (D:6)
  4 orc priests
  A sleepcap (D:7)
  6 orc wizards
  A wolf simulacrum (IceCv)
  2 gnolls (D:7)
  An adder (D:2)
  16 orcs
  A giant cockroach (Lair:3)
  29 kobolds
238 creatures vanquished.

Vanquished Creatures (others)
  3 snaplasher vines
3 creatures vanquished.

Grand Total: 444 creatures vanquished

Notes
Turn   | Place    | Note
-------+----------+-------------------------------------------
     0 | D:1      | Autsider the Deep Elf Hedge Wizard began the quest for the
                  | Orb.
     0 | D:1      | Reached XP level 1. HP: 10/10 MP: 7/7
   125 | D:1      | Reached skill level 1 in Fighting
   224 | D:1      | Reached XP level 2. HP: 16/16 MP: 6/9
   455 | D:1      | Found a faded altar of an unknown god.
   463 | D:1      | Learned a level 2 spell: Call Imp
   834 | D:1      | Reached XP level 3. HP: 21/21 MP: 0/10
  1708 | D:3      | Learned a level 3 spell: Mephitic Cloud
  2010 | D:3      | Reached XP level 4. HP: 28/28 MP: 4/12
  2114 | D:3      | Found a stormy altar of Qazlal.
  2135 | D:3      | Found a sacrificial altar of Ru.
  2612 | D:2      | Found Xyvvacyf's Distillery.
  2617 | D:2      | Bought a potion of curing for 30 gold pieces
  2617 | D:2      | Bought a potion of curing for 30 gold pieces
  2617 | D:2      | Bought a potion of curing for 30 gold pieces
  3207 | D:3      | Reached skill level 2 in Summonings
  3282 | D:3      | Reached XP level 5. HP: 13/32 MP: 8/13
  3726 | D:3      | Reached skill level 3 in Summonings
  3892 | D:4      | Noticed a phantom
  3931 | D:4      | Found a shimmering altar of Xom.
  3968 | D:4      | Found a blossoming altar of Fedhas.
  4254 | D:4      | Reached XP level 6. HP: 32/37 MP: 7/14
  4307 | D:4      | Noticed Grinder
  4348 | D:4      | Reached skill level 4 in Summonings
  4460 | D:5      | Entered Level 5 of the Dungeon
  4460 | D:5      | Noticed Menkaure
  4804 | D:4      | Reached skill level 5 in Summonings
  5438 | D:5      | Noticed Sigmund
  5453 | D:5      | Killed Sigmund
  5454 | D:5      | Reached skill level 6 in Summonings
  5454 | D:5      | Reached XP level 7. HP: 28/41 MP: 3/15
  5612 | D:5      | Found Fiuwk's Armour Emporium.
  5768 | D:5      | Found an ancient bone altar of Kikubaaqudgha.
  6079 | D:6      | Reached skill level 7 in Summonings
  6428 | D:6      | Noticed Jeremiah
  6860 | D:6      | Noticed Eustachio
  6874 | D:6      | Found a shadowy altar of Dithmenos.
  6919 | D:6      | Noticed a troll
  7374 | D:6      | Reached XP level 8. HP: 31/46 MP: 9/16
  8007 | D:7      | Found a staircase to the Ecumenical Temple.
  8024 | Temple   | Entered the Ecumenical Temple
  8045 | Temple   | Became a worshipper of Sif Muna the Loreminder
  8163 | D:7      | Reached skill level 8 in Summonings
  8165 | D:7      | Noticed Duvessa
  8374 | D:6      | Killed a troll
  8375 | D:6      | Reached skill level 5 in Translocations
  8488 | D:6      | Killed Jeremiah
  8489 | D:6      | Reached skill level 9 in Summonings
  8503 | D:6      | Learned a level 5 spell: Summon Forest
  9089 | D:7      | Identified a scroll of acquirement
  9089 | D:7      | Acquired the Grimoire of Transposition and the Mob
  9105 | D:7      | Learned a level 3 spell: Call Canine Familiar
  9249 | D:7      | Identified the +2 pair of boots of Sunlight {rF+ Will+
                  | Str+3}
  9303 | D:7      | Reached XP level 9. HP: 50/50 MP: 13/17
  9355 | D:7      | Reached skill level 10 in Summonings
  9538 | D:7      | Noticed Dowan
  9547 | D:7      | Killed Dowan
  9548 | D:7      | Killed Duvessa
  9622 | D:7      | Noticed Prince Ribbit
  9631 | D:7      | Noticed Joseph
  9632 | D:7      | Killed Prince Ribbit
  9633 | D:7      | Reached skill level 11 in Summonings
  9638 | D:7      | Killed Joseph
 10080 | D:6      | Killed Eustachio
 10081 | D:6      | Reached skill level 12 in Summonings
 10223 | D:5      | Noticed Pikel
 10229 | D:5      | Killed Pikel
 10390 | D:4      | Killed Grinder
 10391 | D:4      | Reached skill level 13 in Summonings
 10575 | D:4      | Reached XP level 10. HP: 56/56 MP: 4/18
 10797 | D:5      | Killed Menkaure
 10798 | D:5      | Reached skill level 5 in Conjurations
 11128 | D:8      | Reached * piety under Sif Muna
 11259 | D:8      | Reached skill level 5 in Spellcasting
 11341 | D:8      | Found a snail-covered altar of Cheibriados.
 11779 | D:8      | Found a sparkling altar of Nemelex Xobeh.
 11779 | D:8      | Found a hazy altar of Hepliaklqana.
 12239 | D:9      | Reached ** piety under Sif Muna
 12242 | D:9      | Reached skill level 5 in Dodging
 12358 | D:9      | Found a staircase to the Orcish Mines.
 12540 | D:9      | Found an opulent altar of Gozag.
 13008 | D:9      | Found the +0 toga "Victory" {*Victory Clar}
 13344 | D:10     | Entered Level 10 of the Dungeon
 13557 | D:10     | Reached *** piety under Sif Muna
 13665 | D:10     | Learned a level 5 spell: Iskenderun's Battlesphere
 13962 | D:10     | Reached XP level 11. HP: 60/60 MP: 16/25
 14113 | D:10     | Identified the +0 dagger of Reason {speed, rN+ MP-9 Int+7
                  | Dex-3 Stlth+}
 14604 | D:10     | Identified the ring "Finoeffe" {rPois Int+3 Dex+2}
 14646 | D:10     | Found a transporter.
 14648 | D:10     | Found Gos Culiag's Assorted Antiques.
 14676 | D:10     | Noticed a two-headed ogre
 14687 | D:10     | Killed a two-headed ogre
 14688 | D:10     | Reached skill level 1 in Earth Magic
 14709 | D:10     | Found a transporter.
 14716 | D:10     | Bought a scroll of identify for 62 gold pieces
 14716 | D:10     | Bought a scroll of identify for 62 gold pieces
 14716 | D:10     | Bought a potion of heal wounds for 155 gold pieces
 14716 | D:10     | Bought a potion of curing for 93 gold pieces
 14819 | D:10     | Noticed a two-headed ogre
 14835 | D:10     | Killed a two-headed ogre
 15433 | D:11     | Found a staircase to the Lair.
 15573 | D:11     | Reached skill level 10 in Conjurations
 15999 | D:11     | Noticed a two-headed ogre
 16012 | D:11     | Killed a two-headed ogre
 16053 | D:11     | Reached skill level 5 in Earth Magic
 16196 | D:11     | Reached **** piety under Sif Muna
 16710 | D:12     | HP: 1/60 [large slime creature (21)]
 16896 | D:12     | Found the +2 ratskin cloak {*Rats rPois rN+ Str-1 Int-1
                  | Dex+1}
 17026 | D:12     | Reached XP level 12. HP: 64/64 MP: 14/26
 17189 | D:12     | Noticed a boulder beetle
 17210 | D:12     | Killed a boulder beetle
 17394 | D:12     | Noticed a two-headed ogre
 17403 | D:12     | Killed a two-headed ogre
 17697 | D:12     | Found Poory's Armour Emporium.
 17909 | Lair:1   | Entered Level 1 of the Lair of Beasts
 18584 | Lair:1   | Reached skill level 10 in Spellcasting
 18586 | Lair:1   | Reached ***** piety under Sif Muna
 18681 | Lair:1   | Identified the +2 ring mail of Modesty {+Blink Will+ MP+9}
 18840 | Lair:1   | Reached skill level 5 in Fighting
 18965 | Lair:1   | Reached skill level 14 in Summonings
 18975 | Lair:1   | Received a gift from Sif Muna
 18978 | Lair:1   | Got Pudwier's Tome of the Fulgent Escort {god gift}
 19851 | Lair:2   | Learned a level 7 spell: Spellforged Servitor
 20061 | Lair:2   | Found a frozen archway.
 20083 | IceCv    | Entered an ice cave
 20096 | IceCv    | Found a transporter.
 20105 | IceCv    | Found a transporter.
 20249 | IceCv    | Learned a level 6 spell: Bombard
 20256 | IceCv    | Reached XP level 13. HP: 69/74 MP: 9/29
 20263 | IceCv    | Reached skill level 1 in Invocations
 20419 | Lair:2   | Identified the +9 spear "Idomyg" {vamp, ^Drain rC+ Str+2
                  | Int+3}
 22008 | Lair:2   | Reached skill level 1 in Shapeshifting
 22491 | Lair:3   | Found a hole to the Spider Nest.
 22704 | Lair:3   | Found a staircase to the Swamp.
 22791 | Lair:3   | Noticed Nergalle
 22808 | Lair:3   | Killed Nergalle
 23299 | Lair:3   | Received a gift from Sif Muna
 23306 | Lair:3   | Got Sif Muna's Elucidation of the Band {god gift}
 23315 | Lair:3   | Reached skill level 15 in Summonings
 23618 | Lair:3   | Noticed Sonja
 23621 | Lair:3   | Killed Sonja
 24046 | Lair:4   | Reached skill level 5 in Invocations
 24050 | Lair:4   | Reached skill level 5 in Shapeshifting
 24502 | Lair:4   | Noticed Ginaus's ghost (journeyman DsWn)
 24503 | Lair:4   | Found a bloodstained altar of Trog.
 24540 | Lair:4   | Found a transporter.
 24545 | Lair:4   | Found a transporter.
 24816 | Lair:4   | Reached XP level 14. HP: 80/80 MP: 22/30
 25060 | Lair:4   | Found a viscous altar of Jiyva.
 25060 | Lair:4   | Found a staircase to the Slime Pits.
 25357 | Lair:4   | Received a gift from Sif Muna
 25363 | Lair:4   | HP: 1/80 [spriggan rider/+0 trident of flaming (18)]
 25363 | Lair:4   | Slain by a spriggan rider

Illustrated notes

Levels and vault maps discovered:
D:1:      evilmike_arrival_crescent, layout_rooms,
          shapermc_ecumenical_altar_mp_ritualfount
D:2:      layout_basic, serial_shops, nicolae_shop_industrial_runoff
D:3:      layout_basic, mainiacjoe_overflow_cross_hatched,
          grunt_qazlal_sundering
D:4:      layout_gridville, fedhas_altar_2, xom_redecorated,
          hangedman_abyss_or_decor_lesser_grid, minmay_misc_feat_rows,
          uniq_grinder
D:5:      layout_gridville, kiku_gazebo_pond_becter, serial_shops,
          nicolae_shop_tiny_waterfront, roderic_lattice_a, uniq_menkaure,
          uniq_pikel, uniq_sigmund
D:6:      layout_basic, grunt_dithmenos_smoke, minmay_tree_intersection,
          uniq_jeremiah, uniq_eustachio
D:7:      layout_basic, minmay_temple_entry_wispy, minmay_misc_feat_enclosed,
          uniq_joseph, uniq_duvessa, uniq_prince_ribbit1
D:8:      layout_loops_ring, mainiacjoe_overflow_brackets,
          gammafunk_temple_overflow_statue
D:9:      layout_gridville, grunt_gozag_breadcrumbs, orc_0_dummy
D:10:     layout_cave_pools, serial_shops, nicolae_shop_drivethru,
          minmay_diamond_spiral
D:11:     layout_grid_maze, david_lair_shrubbed
D:12:     layout_rooms, serial_shops, nicolae_shop_real_fake_doors, minivault_20
Temple:   minmay_temple_bridge_abc
Lair:1:   layout_layer_cave, st_stairs_12, grunt_megastairs_1
Lair:2:   cheibrodos_lair_overgrown_chateau, layout_chaotic_city,
          portal_ice_cave_demonic_guard
Lair:3:   layout_cave_pods, minmay_swamp_entry_eels,
          nicolae_spider_entry_non_spiders, minivault_25, uniq_nergalle,
          uniq_sonja
Lair:4:   layout_cave_shapes, dpeg_slime_entry_enclosed,
          gammafunk_ghost_wrathful_warriors, nicolae_quartered_pool_medium

Skill      XL: |  1  2  3  4  5  6  7  8  9 10 11 12 13 14 |
---------------+-------------------------------------------+-----
Fighting       | 1 2 3 5 6 |  6.0
Conjurations   | 2 3 4 8 12 13 14 | 14.9
Summonings     | 2 3 6 7 9 13 14 15 | 15.0
Translocations | 3 6 |  6.0
Dodging        | 6 |  6.0
Spellcasting   | 8 10 | 10.0
Earth Magic    | 5 |  5.0
Invocations    | 5 6 |  6.2
Shapeshifting  | 6 |  6.8
Stealth        | |  2.4

Action                     |  1- 3 |  4- 6 |  7- 9 | 10-12 | 13-15 || total
---------------------------+-------+-------+-------+-------+-------++-------
  Melee: Dagger            |     1 |       |       |       |       ||     1
         Unarmed           |    12 |       |     2 |     1 |       ||    15
   Cast: Magic Dart        |   125 |   119 |   158 |   162 |   210 ||   774
         Call Imp          |     3 |    18 |    33 |    31 |       ||    85
         Call Canine Famil |       |       |    16 |    72 |     3 ||    91
         Mephitic Cloud    |       |       |     1 |       |       ||     1
         Summon Forest     |       |       |     6 |    34 |     9 ||    49
         Iskenderun's Batt |       |       |       |    39 |    40 ||    79
         Spellforged Servi |       |       |       |     1 |    17 ||    18
 Invoke: Forget Spell      |       |       |       |     1 |       ||     1
Ability: Begin Untransform |     1 |       |       |       |       ||     1
  Evoke: Wand              |       |       |     4 |       |       ||     4
    Use: Scroll            |     5 |     2 |     4 |    13 |     3 ||    27
         Potion            |       |       |     1 |     4 |       ||     5
   Stab: Confused          |       |       |     1 |       |       ||     1
 Armour: Robe              |    47 |    23 |    50 |    56 |    73 ||   249
  Dodge: Dodged            |    41 |    20 |    67 |   114 |    51 ||   293
   Form: Blade             |     1 |       |       |       |       ||     1

Table legend: (Time is in decaauts)
 A = Elapsed time spent in this place.
 B = Non-inter-level travel time spent in this place.
 C = Inter-level travel time spent in this place.
 D = Time resting spent in this place.
 E = Time spent auto-exploring this place.
 F = Levels seen in this place.
 G = Mean time per level.
                   A        B        C        D        E       F      G
               +--------+--------+--------+--------+--------+-----+--------+
         Total |  25375 |  23969 |   1406 |   5475 |  13060 |  18 | 1409.7 |
       Dungeon |  18002 |  16812 |   1190 |   4059 |   8454 |  12 | 1500.2 |
        Temple |     42 |     22 |     20 |      0 |      0 |   1 |   42.0 |
          Lair |   7013 |   6818 |    195 |   1309 |   4494 |   4 | 1753.2 |
      Ice Cave |    317 |    317 |      0 |    107 |    112 |   1 |  317.0 |
               +--------+--------+--------+--------+--------+-----+--------+

Top non-repeatable levels by time:
     D:6: 2683 daAuts
  Lair:2: 2096 daAuts
  Lair:1: 1956 daAuts
    D:11: 1859 daAuts
  Lair:3: 1753 daAuts
     D:4: 1693 daAuts
     D:5: 1667 daAuts
     D:3: 1654 daAuts
    D:10: 1483 daAuts
     D:9: 1320 daAuts
     D:1: 1304 daAuts
    D:12: 1265 daAuts
  Lair:4: 1206 daAuts
     D:8: 1201 daAuts
     D:7: 1054 daAuts
